 Dungeon Crawl Stone Soup version 0.21-a0-582-g1b93aee (webtiles) character file.

292 teukkam the Grave Robber (level 6, -4/63 HPs)
             Began as a Gnoll Wanderer on Dec 19, 2017.
             Slain by a centaur (6 damage)
             ... on level 5 of the Dungeon.
             The game lasted 00:14:30 (3367 turns).

teukkam the Grave Robber (Gnoll Wanderer)           Turns: 3367, Time: 00:14:31

Health: -4/63      AC: 23    Str: 14    XL:     6   Next: 33%
Magic:  2/11       EV:  2    Int: 17    God:
Gold:   87         SH:  0    Dex: 14    Spells: 6/11 levels left

rFire    x . .     SeeInvis .   a - +1 dagger
rCold    + . .     Gourm    .   (no shield)
rNeg     + + +     Faith    .   (armour currently unavailable)
rPois    +         Spirit   .   (helmet currently unavailable)
rElec    .         Reflect  .   (cloak currently unavailable)
rCorr    .         Harm     .   (gloves currently unavailable)
MR       +....     NoTele   +   (boots currently unavailable)
Stlth    ++........             (no amulet)
HPRegen  0.20/turn              j - ring of wizardry
MPRegen  0.12/turn              o - ring of ice

@: tree-form (expiring)
A: distributed training, frail 1, magic resistance 1, strong nose
a: no special abilities


You were on level 5 of the Dungeon.
You were very hungry.
You were a tree.
You visited 1 branch of the dungeon, and saw 5 of its levels.

You collected 87 gold pieces.

Inventory:

Hand Weapons
 a - a +1 dagger (weapon)
 i - a +2 whip of freezing
Armour
 c - a +0 robe (melded)
Jewellery
 j - a ring of wizardry (left branch)
 o - a ring of ice (right branch)
Wands
 b - a wand of random effects (30)
Scrolls
 e - a scroll of random uselessness
 g - 5 scrolls of identify
 k - 2 scrolls of magic mapping
 l - a scroll of enchant weapon
Potions
 h - a potion of curing
Books
 d - a book of Necromancy

   Spells                             Type                      Level
   a - Pain                           Necromancy                   1
   b - Animate Skeleton               Necromancy                   1
   c - Vampiric Draining              Necromancy                   3
   d - Regeneration                   Charms/Necromancy            3
   e - Animate Dead                   Necromancy                   4
   f - Control Undead                 Necromancy                   4
Comestibles
 f - 3 rations


   Skills:
 + Level 3.2 Fighting
 + Level 1.8 Short Blades
 + Level 1.8 Long Blades
 + Level 1.8 Axes
 + Level 1.8 Maces & Flails
 + Level 1.8 Polearms
 + Level 1.8 Staves
 + Level 1.8 Slings
 + Level 1.8 Bows
 + Level 1.8 Crossbows
 + Level 4.9 Throwing
 + Level 1.8 Armour
 + Level 3.2 Dodging
 + Level 3.0 Stealth
 + Level 1.8 Shields
 + Level 1.8 Unarmed Combat
 + Level 3.3 Spellcasting
 + Level 1.4 Conjurations
 + Level 1.4 Hexes
 + Level 1.4 Charms
 + Level 1.4 Summonings
 + Level 5.6 Necromancy
 + Level 1.4 Translocations
 + Level 1.4 Transmutations
 + Level 2.6 Fire Magic
 + Level 1.4 Ice Magic
 + Level 1.4 Air Magic
 + Level 1.4 Earth Magic
 + Level 1.4 Poison Magic
 + Level 2.0 Invocations
 + Level 1.8 Evocations


You had 6 spell levels left.
You knew the following spells:

 Your Spells              Type           Power        Failure   Level  Hunger
a - Pain                  Necr           ###.         1%          1    None
b - Animate Skeleton      Necr           N/A          1%          1    None
c - Vampiric Draining     Necr           ###.......   1%          3    ###....


Dungeon Overview and Level Annotations

Branches:
Dungeon (5/15)
 Temple: D:4-7

Altars:
Uskayaw

Annotations:
D:3 Grinder; anet's ghost, amateur DEWz


Innate Abilities, Weirdness & Mutations

Your experience applies equally to all skills.
((You have very sharp teeth.))
Your uncanny sense of smell can sniff out nearby items.
You are frail. (-10% HP)
You are resistant to hostile enchantments. (MR+)


Message History

The centaur hits you but does no damage.
The jackal completely misses you.
You hit the centaur.
The centaur is heavily wounded.
The jackal bites you but does no damage.
The centaur hits you but does no damage.
The shadow imp hits you but does no damage.
The jackal bites you but does no damage. x2
The centaur hits you but does no damage.
You hit the centaur.
The centaur is severely wounded.
The jackal bites you but does no damage.
The shadow imp hits you but does no damage.
The jackal bites you but does no damage.
The centaur hits you but does no damage.
The jackal barely misses you.
You hit the centaur but do no damage.
The centaur is severely wounded.
The centaur hits you.
You die...

# ###+ ##### .
##.#...###...#####..
...................#
#...§ch5§.........#
#...§§♣h§...).....#
#..######...#####.#
. #....<....#
#(..#####.... #...#
. ?..... #.#...#.
#.#...# # c....


You could see a centaur, a shadow imp and 2 jackals.

Vanquished Creatures
  A centaur (D:5)
  A hound (D:5)
  A centaur skeleton (D:5)
  Terence (D:2)
  A worker ant (D:4)
  3 adders
  An ooze (D:2)
  3 worms (D:2)
  2 dart slugs
  4 leopard geckos
  2 bats
  5 giant cockroaches
  8 goblins
  4 hobgoblins (D:2)
  4 jackals
  6 kobolds
  2 quokkas (D:2)
  2 frilled lizards
  4 rats
55 creatures vanquished.

Vanquished Creatures (collateral kills)
  A leopard gecko (D:1)
  A bat (D:1)
2 creatures vanquished.

Grand Total: 57 creatures vanquished

Notes
Turn   | Place    | Note
-------+----------+-------------------------------------------
     0 | D:1      | teukkam the Gnoll Wanderer began the quest for the Orb.
     0 | D:1      | teukkam set off with: a book of Necromancy, a potion of curing, a +0 robe, a +0 dagger, a ration
     0 | D:1      | Reached XP level 1. HP: 17/17 MP: 4/4
    40 | D:1      | Reached XP level 2. HP: 16/23 MP: 5/5
    43 | D:1      | Learned a level 1 spell: Animate Skeleton
    45 | D:1      | Learned a level 1 spell: Pain
   790 | D:2      | Reached XP level 3. HP: 17/28 MP: 2/7
   798 | D:2      | Learned a level 3 spell: Vampiric Draining
  1056 | D:2      | Reached skill level 1 in Invocations
  1235 | D:2      | Noticed Terence
  1237 | D:2      | Gained mutation: You are frail. (-10% HP) [potion of mutation]
  1237 | D:2      | Gained mutation: You are resistant to hostile enchantments. (MR+) [potion of mutation]
  1260 | D:2      | Killed Terence
  1260 | D:2      | Reached skill level 1 in Short Blades
  1260 | D:2      | Reached skill level 1 in Long Blades
  1260 | D:2      | Reached skill level 1 in Axes
  1260 | D:2      | Reached skill level 1 in Maces & Flails
  1260 | D:2      | Reached skill level 1 in Polearms
  1260 | D:2      | Reached skill level 1 in Staves
  1260 | D:2      | Reached skill level 1 in Slings
  1260 | D:2      | Reached skill level 1 in Bows
  1260 | D:2      | Reached skill level 1 in Crossbows
  1260 | D:2      | Reached skill level 1 in Armour
  1260 | D:2      | Reached skill level 1 in Shields
  1260 | D:2      | Reached skill level 1 in Unarmed Combat
  1260 | D:2      | Reached skill level 1 in Evocations
  1260 | D:2      | Reached XP level 4. HP: 8/30 MP: 0/8
  1724 | D:2      | Found a hide-covered altar of Uskayaw.
  1764 | D:2      | HP: 1/45 [quokka (5)]
  2243 | D:2      | Reached skill level 1 in Conjurations
  2243 | D:2      | Reached skill level 1 in Hexes
  2243 | D:2      | Reached skill level 1 in Charms
  2243 | D:2      | Reached skill level 1 in Summonings
  2243 | D:2      | Reached skill level 1 in Translocations
  2243 | D:2      | Reached skill level 1 in Transmutations
  2243 | D:2      | Reached skill level 1 in Ice Magic
  2243 | D:2      | Reached skill level 1 in Air Magic
  2243 | D:2      | Reached skill level 1 in Earth Magic
  2243 | D:2      | Reached skill level 1 in Poison Magic
  2751 | D:3      | Noticed Grinder
  2987 | D:3      | Noticed anet's ghost (amateur DEWz)
  3058 | D:4      | Reached XP level 5. HP: 22/36 MP: 5/9
  3263 | D:5      | Entered Level 5 of the Dungeon
  3264 | D:5      | Noticed a centaur
  3338 | D:5      | Killed a centaur
  3338 | D:5      | Reached XP level 6. HP: 9/42 MP: 1/11
  3362 | D:5      | HP: 2/63 [centaur (4)]
  3367 | D:5      | Slain by a centaur

Vault maps used:
D:1:      dpeg_arrival_pond
D:2:      eat_drink_and_be_merry_uskayaw, minmay_door_square, uniq_terence
D:3:      first_ration, uniq_grinder
D:4:      serial_shops, nicolae_shop_crystal
D:5:      lemuel_insect_pit

Skill      XL: |  1  2  3  4  5 |
---------------+----------------+-----
Fire Magic     | 2 |  2.6
Invocations    | 1 2 |  2.0
Short Blades   | 1 |  1.8
Long Blades    | 1 |  1.8
Axes           | 1 |  1.8
Maces & Flails | 1 |  1.8
Polearms       | 1 |  1.8
Staves         | 1 |  1.8
Slings         | 1 |  1.8
Bows           | 1 |  1.8
Crossbows      | 1 |  1.8
Armour         | 1 |  1.8
Shields        | 1 |  1.8
Unarmed Combat | 1 |  1.8
Spellcasting   | 3 |  3.3
Evocations     | 1 |  1.8
Conjurations   | 1 |  1.4
Hexes          | 1 |  1.4
Charms         | 1 |  1.4
Summonings     | 1 |  1.4
Translocations | 1 |  1.4
Transmutations | 1 |  1.4
Ice Magic      | 1 |  1.4
Air Magic      | 1 |  1.4
Earth Magic    | 1 |  1.4
Poison Magic   | 1 |  1.4
Fighting       | 3 |  3.2
Dodging        | 3 |  3.2
Stealth        | 3 |  3.0
Throwing       | |  4.9
Necromancy     | |  5.6

Action                   |  1- 3 |  4- 6 || total
-------------------------+-------+-------++-------
Melee: Dagger            |    73 |    87 ||   160
       Bite              |    10 |     8 ||    18
 Cast: Pain              |    21 |    41 ||    62
       Animate Skeleton  |     5 |     3 ||     8
       Vampiric Draining |     3 |     6 ||     9
  Use: Potion            |     4 |     5 ||     9
       Scroll            |     5 |     4 ||     9
 Stab: Sleeping          |     5 |     2 ||     7
  Eat: Ration            |     1 |     1 ||     2
       Chunk             |       |     1 ||     1
Armor: Robe              |    10 |    11 ||    21
       Skin              |       |   134 ||   134
Dodge: Dodged            |    49 |    60 ||   109

Table legend:
 A = Spawn XP
 B = Non-spawn XP
 C = Spawn XP percentage of total XP
 D = Spawn monster count
 E = Non-spawn monster count
 F = Spawn count percentage of total count
 G = Total turns spent on level
                    A         B        C        D         E        F      G
               +---------+---------+-------+---------+---------+-------+---------
         Total |       0 |     418 |   0.0 |       0 |      57 |   0.0 |  3367
               +---------+---------+-------+---------+---------+-------+---------
           D:1 |       0 |      31 |   0.0 |       0 |      17 |   0.0 |   750
           D:2 |       0 |     111 |   0.0 |       0 |      25 |   0.0 |  2173
           D:3 |       0 |      20 |   0.0 |       0 |       7 |   0.0 |   109
           D:4 |       0 |      37 |   0.0 |       0 |       2 |   0.0 |   231
           D:5 |       0 |     219 |   0.0 |       0 |       6 |   0.0 |   104
               +---------+---------+-------+---------+---------+-------+---------
